 Dungeon Crawl Stone Soup version 0.20.1-1-g8b1a95d (console) character file.

83 hilaritas the Chiller (level 4, 0/24 HPs)
             Began as a Deep Elf Ice Elementalist on Sept 1, 2017.
             Slain by a worm (10 damage)
             ... on level 2 of the Dungeon.
             The game lasted 00:06:19 (2136 turns).

hilaritas the Chiller (Deep Elf Ice Elementalist)   Turns: 2136, Time: 00:06:20

Health: 0/24       AC:  2    Str:  6    XL:     4   Next: 22%
Magic:  4/11       EV: 13    Int: 20    God:
Gold:   60         SH:  0    Dex: 15    Spells: 4/10 levels left

rFire    . . .     SeeInvis .   f - +0 dagger
rCold    . . .     Gourm    .   (no shield)
rNeg     . . .     Faith    .   a - +0 robe
rPois    .         Spirit   .   (no helmet)
rElec    .         Reflect  .   (no cloak)
rCorr    .         Harm     .   (no gloves)
MR       .....                  (no boots)
Stlth    ++........             (no amulet)
Regen    0.1/turn               (no ring)
MPRegen  0.2/turn               (no ring)

@: no status effects
A: no striking features
a: no special abilities


You were on level 2 of the Dungeon.
You were not hungry.

You visited 1 branch of the dungeon, and saw 2 of its levels.

You collected 60 gold pieces.

Inventory:

Hand Weapons
 f - a +0 dagger (weapon)
Missiles
 g - 73 stones (quivered)
 i - 40 arrows
Armour
 a - a +0 robe (worn)
Scrolls
 h - a scroll of remove curse {unknown}
 j - 4 scrolls of identify {unknown}
 k - a scroll of amnesia {unknown}
 l - 2 scrolls of teleportation {unknown}
 m - a scroll of immolation {unknown}
Potions
 e - a potion of lignification {unknown}
 n - 2 potions of might {unknown}
Books
 b - a book of Frost

   Spells                             Type                      Level
   a - Freeze                         Ice                          1
   b - Throw Frost                    Conjuration/Ice              2
   c - Ozocubu's Armour               Charms/Ice                   3
   d - Throw Icicle                   Conjuration/Ice              4
   e - Summon Ice Beast               Ice/Summoning                4
Comestibles
 c - a bread ration
 d - 3 meat rations


   Skills:
 - Level 2.4 Dodging
 - Level 2.4 Stealth
 * Level 3.6 Spellcasting
 - Level 2.0 Conjurations
 - Level 5.0 Ice Magic


You had 4 spell levels left.
You knew the following spells:

 Your Spells              Type           Power        Failure   Level  Hunger
a - Freeze                Ice            ###.         1%          1    None
b - Throw Frost           Conj/Ice       ###...       4%          2    ##.....
c - Ozocubu's Armour      Chrm/Ice       ##......     14%         3    ###....


Dungeon Overview and Level Annotations

Branches:
Dungeon (2/15)

Altars:
Cheibriados
Elyvilon
Fedhas
Hepliaklqana
Ru


Message History

Aim: a worm (moderately wounded)
You freeze the worm.
The worm is heavily wounded.
The worm bites you.
Casting: Freeze
Confirm with . or Enter, or press ? or * to list all spells.
Aiming: Freeze
Press: ? - help, Shift-Dir - straight line, f/p - worm
Aim: a worm (moderately wounded)
You freeze the worm.
The worm is severely wounded.
Casting: Freeze
Confirm with . or Enter, or press ? or * to list all spells.
Aiming: Freeze
Press: ? - help, Shift-Dir - straight line, f/p - worm
Aim: a worm (severely wounded)
You freeze the worm.
The worm is almost dead.
The worm bites you!
You die...

..........##.......#..........#
..............................#
.......##.....................#
.##..............##...........#
.##......###.....#P§§≈........#
.#####....##.....§§§§§≈.......#
...........#....§#§§§≈≈..######
########.........§§§§≈≈.##
####..).w@§P≈§≈≈.#
###....##.......≈..#
######...####.........####
#...#..### #........≈...##
#...#.## ###........≈≈≈..#
......# ###.........≈≈≈≈P.#
....#####...........≈≈≈...#
#...####....##......≈≈≈≈..#
######.....###........P...#


You could see a worm.

Vanquished Creatures
  An adder (D:1)
  A worm (D:2)
  5 dart slugs (D:1)
  2 leopard geckos (D:1)
  5 bats
  A bat skeleton (D:2)
  2 giant cockroaches
  3 hobgoblins (D:1)
  11 jackals
  A quokka (D:2)
  3 ball pythons
  2 frilled lizards (D:2)
  A giant cockroach zombie (D:2)
  7 goblins
  5 kobolds
  4 rats
54 creatures vanquished.

Notes
Turn   | Place    | Note
-------+----------+-------------------------------------------
     0 | D:1      | hilaritas the Deep Elf Ice Elementalist began the quest for the Orb.
     0 | D:1      | Reached XP level 1. HP: 10/10 MP: 6/6
   332 | D:1      | Reached skill level 4 in Ice Magic
   332 | D:1      | Reached XP level 2. HP: 12/15 MP: 5/8
   359 | D:1      | Learned a level 2 spell: Throw Frost
   824 | D:1      | Reached XP level 3. HP: 19/19 MP: 6/9
   829 | D:1      | Learned a level 3 spell: Ozocubu's Armour
  1294 | D:2      | Found a snail-covered altar of Cheibriados.
  1302 | D:1      | Reached skill level 5 in Ice Magic
  1552 | D:2      | Reached XP level 4. HP: 9/24 MP: 0/10
  2080 | D:2      | Found a sacrificial altar of Ru.
  2090 | D:2      | Found a white marble altar of Elyvilon.
  2090 | D:2      | Found a hazy altar of Hepliaklqana.
  2091 | D:2      | Found a blossoming altar of Fedhas.
  2136 | D:2      | Slain by a worm

Skill      XL: |  1  2  3 |
---------------+----------+-----
Ice Magic      | 4 5 |  5.0
Conjurations   | 2 |  2.0
Dodging        | |  2.4
Stealth        | |  2.4
Spellcasting   | |  3.6

Action                   |  1- 3 |  4- 6 || total
-------------------------+-------+-------++-------
Melee: Unarmed           |     2 |       ||     2
       Dagger            |    17 |     6 ||    23
 Cast: Freeze            |    67 |    24 ||    91
       Throw Frost       |       |     4 ||     4
  Eat: Chunk             |     2 |     2 ||     4
Armor: Robe              |    17 |     8 ||    25
Dodge: Dodged            |    62 |    26 ||    88
